 Dungeon Crawl Stone Soup version 0.31-a0-236-g9a0961fb85 (webtiles) character file.

Game seed: 13589529862903139030

38 qw the Shooter (level 3, -1/21 HPs)
             Began as a Gargoyle Hexslinger on July 10, 2023.
             Slain by a kobold
             ... wielding a +0 dagger
              (3 damage)
             ... on level 2 of the Dungeon.
             The game lasted 00:00:25 (818 turns).

qw the Shooter (Gargoyle Hexslinger)                 Turns: 818, Time: 00:00:25

Health: -1/21      AC: 10    Str: 11    XL:     3   Next: 43%
Magic:  4/4        EV: 10    Int: 13    God:
Gold:   38         SH:  0    Dex: 14    Spells: 3/4 levels left

rFire   . . .        Y - +1 sling
rCold   . . .        (no shield)
rNeg    + . .        g - +0 ring mail
rPois   inf          e - +1 helmet
rElec   +            (no cloak)
rCorr   .            (no gloves)
SInv    .            (no boots)
Will    .....        (no amulet)
Stlth   +            (no ring)
HPRegen 0.23/turn    (no ring)
MPRegen 0.09/turn

%: no passive effects
@: no status effects
A: sickness immunity, AC +3, negative energy resistance 1, electricity
resistance, torment resistance 1, petrification resistance
a: no special abilities


You were on level 2 of the Dungeon.
You visited 1 branch of the dungeon, and saw 2 of its levels.

You collected 38 gold pieces.


Innate Abilities, Weirdness & Mutations

You are immune to sickness and miasma.
Your stone body is resilient. (AC +3)
You are immune to poison.
You resist negative energy. (rN+)
You are resistant to electric shocks. (rElec)
You are resistant to unholy torment.
You are immune to petrification.


   Skills:
 - Level 2.0 Fighting
 + Level 3.1 Ranged Weapons
 - Level 1.0 Armour
 - Level 1.5 Dodging
 - Level 1.0 Spellcasting
 - Level 2.6 Hexes


You had 3 spell levels left.
You knew the following spells:

 Your Spells              Type           Power      Damage    Failure   Level
a - Slow                  Hex            28%        N/A       22%         1

Your spell library contained the following spells:

 Spells                   Type           Power      Damage    Failure   Level
 Inner Flame              Hex/Fire       4%         N/A       75%         3
 Portal Projectile        Hex/Tloc       8%         N/A       75%         3
 Cause Fear               Hex            3%         N/A       91%         4

Inventory:

Hand Weapons
 Y - a +1 sling (weapon)
Armour
 e - a +1 helmet (worn)
 g - a +0 ring mail (worn)
Scrolls
 a - a scroll of noise {unknown}
 b - a scroll of teleportation {unknown}
 c - a scroll of enchant armour {unknown}
Potions
 d - a potion of heal wounds {unknown}
 h - a potion of enlightenment {unknown}

Dungeon Overview and Level Annotations

Branches:
Dungeon (2/15)

Altars:

Annotations:
D:2 Natasha


Message History

The worm is almost dead.
The kobold hits you but does no damage.
The giant cockroach waves its antennae.
The worm closely misses you.
Natasha casts a spell.
You shoot a sling bullet.
The sling bullet barely misses the worm.
You hear a shout!
The kobold hits you but does no damage.
The cerulean imp hits you from afar with a +1 spear.
The kobold hits you but does no damage. The worm barely misses you.
The cerulean imp barely misses you.
You shoot a sling bullet. The sling bullet hits the worm.
The worm is almost dead.
The kobold hits you but does no damage.
The cerulean imp hits you but does no damage.
The worm bites you.
The giant cockroach waves its antennae.
You shoot a sling bullet.
The sling bullet barely misses the worm.
The kobold barely misses you. The cerulean imp closely misses you.
The worm bites you. The kobold hits you but does no damage.
The cerulean imp closely misses you.
You shoot a sling bullet. The sling bullet hits the worm.
You kill the worm!
The bat barely misses you. The giant cockroach closely misses you.
The kobold closely misses you.
The cerulean imp hits you but does no damage. x2
You shoot a sling bullet.
The sling bullet hits the giant cockroach.
The giant cockroach is severely wounded.
The giant cockroach barely misses you. The kobold hits you but does no damage.
The cerulean imp barely misses you.
The cerulean imp hits you from afar with a +1 spear.
The giant cockroach barely misses you.
You shoot a sling bullet.
The sling bullet hits the giant cockroach.
You kill the giant cockroach!
The bat closely misses you. The kobold hits you with a +0 dagger.
You die...

.......# #.
......# #! .
# .....# #/
?# ..
..$.##. [# .
...#. .# .#
. 5bh#.#
.#.. .##
#K%5###
#...# ...
#@# .....#..
## #.#
..#.##.## ##
#.#
#.#.##..###.
#.#
#....#......
#.#
#...#.#....
#.##
#.....#..##
#..##
#...###..#
##..#
#........#
##.#
##...###.#


You could see Natasha, 2 cerulean imps, a bat and a kobold.

Vanquished Creatures
  A worm (D:2)
  2 ball pythons (D:2)
  4 endoplasms
  3 giant cockroaches
  4 goblins
  4 hobgoblins
  2 kobolds (D:1)
  A quokka (D:1)
  3 bats (D:1)
  4 frilled lizards
  5 rats
33 creatures vanquished.

Notes
Turn   | Place    | Note
-------+----------+-------------------------------------------
     0 | D:1      | qw the Gargoyle Hexslinger began the quest for the Orb.
     0 | D:1      | Reached XP level 1. HP: 12/12 MP: 2/2
     0 | D:1      | 0 ||| qw: Version: 0.3-a-52-g30416fa
     0 | D:1      | 0 ||| qw: Game counter: 4768
     0 | D:1      | 0 ||| qw: Melee chars always use a shield: true
     0 | D:1      | 0 ||| qw: God list: Okawaru
     0 | D:1      | 0 ||| qw: Allow faded altars: false
     0 | D:1      | 0 ||| qw: Do Orc after clearing Dungeon:15 true
     0 | D:1      | 0 ||| qw: Do second Lair branch before Depths: true
     0 | D:1      | 0 ||| qw: Lair rune preference: random
     0 | D:1      | 0 ||| qw: Goals: Normal
     0 | D:1      | 0 ||| PLANNING D:1-11
    63 | D:1      | Reached XP level 2. HP: 16/16 MP: 3/3
   342 | D:1      | Reached skill level 3 in Ranged Weapons
   594 | D:1      | 594 ||| UPGRADING to +1 helmet.
   599 | D:1      | 599 ||| UPGRADING to +0 leather armour.
   609 | D:1      | 609 ||| DROPPING +0 robe.
   610 | D:1      | 610 ||| UPGRADING to +0 ring mail.
   620 | D:1      | 620 ||| DROPPING +0 leather armour.
   621 | D:1      | 621 ||| READING scroll labelled UTTYASM GALUNE.
   622 | D:1      | 622 ||| DROPPING scroll of poison.
   652 | D:2      | Reached XP level 3. HP: 21/21 MP: 4/4
   751 | D:2      | Reached skill level 1 in Armour
   806 | D:2      | Noticed Natasha
   815 | D:2      | HP: 4/21 [worm (3)]
   818 | D:2      | Slain by a kobold

Levels and vault maps discovered:
D:1:      roderic_chinese_lattice_arrival, layout_basic
D:2:      layout_rooms, minmay_circle_x, uniq_natasha, uniq_crazy_yiuf_cottage

Skill      XL: |  1  2  3 |
---------------+----------+-----
Ranged Weapons | 3 |  3.1
Fighting       | 2 |  2.0
Armour         | 1 |  1.0
Dodging        | |  1.5
Spellcasting   | |  1.0
Hexes          | |  2.6

Action                     || total
---------------------------++-------
   Fire: Sling             ||   101
    Use: Scroll            ||     1
 Armour: Robe              ||     3
         Ring mail         ||    31
  Dodge: Dodged            ||    42

Table legend:
 A = Non-vault XP
 B = Vault XP
 C = Vault XP percentage of total XP
 D = Non-vault monster count
 E = Vault monster count
 F = Vault count percentage of total count
                 A         B        C        D         E       F
            +---------+---------+-------+---------+---------+-------
      Total |      50 |       7 |  12.3 |      31 |       2 |   6.1
            +---------+---------+-------+---------+---------+-------
        D:1 |      33 |       0 |   0.0 |      20 |       0 |   0.0
        D:2 |      17 |       7 |  29.2 |      11 |       2 |  15.4
            +---------+---------+-------+---------+---------+-------
